 Dungeon Crawl Stone Soup version 0.18.1-48-g4cf74bf (webtiles) character file.

181 Melfield the Sneak (level 5, -7/38 HPs)
             Began as a Vampire Assassin on Aug 12, 2016.
             Was an Initiate of Ashenzari.
             Killed from afar by an orc wizard (10 damage)
             ... with a magic dart
             ... on level 4 of the Dungeon.
             The game lasted 00:13:53 (5261 turns).

Melfield the Sneak (Vampire Assassin)               Turns: 5261, Time: 00:13:54

Health: -7/38      AC:  0    Str: 11    XL:     5   Next: 34%
Magic:  4/5        EV: 22    Int: 13    God:    Ashenzari [......]
Gold:   179        SH:  0    Dex: 21    Spells: 0 memorised, 4 levels left

rFire  . . .     SeeInvis +       - Unarmed
rCold  + + .     Gourm    .     (armour currently unavailable)
rNeg   + + +     Faith    .     (shield currently unavailable)
rPois  ∞         Spirit   .     (helmet currently unavailable)
rElec  .         Dismiss  .     (cloak currently unavailable)
rCorr  .         Reflect  .     (gloves currently unavailable)
SustAt .         Harm     .     (boots currently unavailable)
MR     .....                    (no amulet)
Stlth  +++++.....               (ring currently unavailable)
                                (ring currently unavailable)

@: bat-form, flying, bloodless, non-regenerating, very quick, not resistant to
hostile enchantments, quite stealthy
A: fangs 3, see invisible, (unbreathing)
a: End Transformation, Curse Item, Renounce Religion


You were on level 4 of the Dungeon.
You worshipped Ashenzari.
Ashenzari was noncommittal.
You were bloodless.
You were in vampire-bat-form.
You visited 1 branch of the dungeon, and saw 4 of its levels.

You collected 179 gold pieces.

Inventory:

Hand Weapons
 a - a +2 dagger (melded) {awdawf}
 b - a +0 blowgun
Missiles
 e - 8 poisoned needles
 f - 2 curare-tipped needles
Armour
 c - a +0 robe
 d - a +0 cloak (melded)
 l - a +0 ring mail
 t - a +0 large shield (melded)
 v - a +0 chain mail (melded)
Jewellery
 g - a +4 ring of protection (melded)
Scrolls
 h - 2 scrolls of identify {unknown}
 k - a scroll of enchant armour {unknown}
 o - a scroll of blinking {unknown}
 p - a scroll of teleportation {unknown}
 q - a scroll of magic mapping {unknown}
 s - 5 scrolls of remove curse
 w - a scroll of random uselessness {unknown}
Potions
 i - 2 potions of flight {unknown}
 j - a potion of agility {unknown}
 m - 2 potions of curing {unknown}
 n - a potion of ambrosia {unknown}
 r - 2 potions of haste {unknown}
 u - a potion of degeneration {unknown}


   Skills:
 + Level 2.2 Fighting
 + Level 2.9 Short Blades
 + Level 1.5 Throwing
 + Level 0.2 Armour
 + Level 3.2 Dodging
 + Level 7.9 Stealth
 + Level 1.0 Unarmed Combat


You had 4 spell levels left.
You didn't know any spells.

Dungeon Overview and Level Annotations

Branches:
Dungeon (4/15)
 Temple: D:4-7

Altars:
Ashenzari
Cheibriados
Fedhas
Sif Muna
Vehumet
Xom


Innate Abilities, Weirdness & Mutations

You do not heal naturally.
You are immune to poison.
You have razor-sharp teeth.
You have supernaturally acute eyesight.
((You can survive without breathing.))


Message History

You can't open doors in your present form.
You can't open doors in your present form.
You can't open doors in your present form.
You can't open doors in your present form.
You can't open doors in your present form.
You can't open doors in your present form.
You can't open doors in your present form.
You can't open doors in your present form.
You can't open doors in your present form.
You can't open doors in your present form.
You can't open doors in your present form.
You can't open doors in your present form.
You can't open doors in your present form.
You can't open doors in your present form.
You can't open doors in your present form.
You can't open doors in your present form.
The orc wizard barely misses you.
The orc wizard points at you and mumbles some strange words.
The magic dart hits you!
You die...

## .### ##### ...# ##...##
.#.###.....# )...o......#
##)###..#o## #+# ## #.#
####.# #.## .# #.#
##..#####.b## .# # ## ..#
##.....o.....## #.##.# ##.
.## +...8..<..8o..+ ...<
##.. .. ##...........##
##..# ##... ..
##..#####..#####...####....
.. ##.# #.##..>.......+....
#.# #'#..###...####.... #.#
#...###.......##... #..
##### #.##.##.###..


You could see 2 orc wizards.

Vanquished Creatures
  Jessica (D:2)
  A worker ant (D:4)
  4 adders
  A shadow imp (D:4)
  An ooze (D:1)
  An adder skeleton (D:3)
  2 worms
  3 dart slugs
  4 giant geckos
  4 orcs
  2 giant cockroaches
  6 goblins
  3 hobgoblins
  A jackal (D:1)
  A ball python (D:3)
  14 bats
  6 giant newts
  8 kobolds
  3 rats (D:1)
  6 fungi (D:4)
  A plant (D:4)
73 creatures vanquished.

Notes
Turn   | Place    | Note
--------------------------------------------------------------
     0 | D:1      | Melfield the Vampire Assassin began the quest for the Orb.
     0 | D:1      | Reached XP level 1. HP: 16/16 MP: 1/1
   324 | D:1      | Reached skill level 6 in Stealth
   633 | D:1      | Reached XP level 2. HP: 19/22 MP: 2/2
  1706 | D:1      | Reached XP level 3. HP: 22/27 MP: 3/3
  2571 | D:2      | Found a shattered altar of Ashenzari.
  2581 | D:2      | Reached skill level 7 in Stealth
  2668 | D:2      | Reached XP level 4. HP: 33/33 MP: 4/4
  2763 | D:2      | Noticed Jessica
  2846 | D:2      | Killed Jessica
  3613 | D:2      | Reached skill level 1 in Unarmed Combat
  3617 | D:2      | Became a worshipper of Ashenzari the Shackled
  4076 | D:3      | Found a snail-covered altar of Cheibriados.
  4076 | D:3      | Found a shimmering altar of Xom.
  4077 | D:3      | Found a deep blue altar of Sif Muna.
  4107 | D:3      | Found a radiant altar of Vehumet.
  4230 | D:3      | Reached XP level 5. HP: 38/38 MP: 5/5
  4368 | D:4      | Found a blossoming altar of Fedhas.
  5261 | D:4      | Killed from afar by an orc wizard

Skill      XL: |  1  2  3  4 |
---------------+-------------+-----
Stealth        | 6 7 |  7.9
Fighting       | 2 |  2.2
Dodging        | 2 3 |  3.2
Unarmed Combat | 1 |  1.0
Short Blades   | |  2.9
Throwing       | |  1.5
Armour         | |  0.2

Action                   |  1- 3 |  4- 6 || total
-------------------------+-------+-------++-------
Melee: Dagger            |    98 |   249 ||   347
       Bite              |    14 |    49 ||    63
       Unarmed           |    30 |    22 ||    52
 Abil: Bat Form          |     1 |     3 ||     4
       End Transformatio |     1 |     2 ||     3
 Stab: Sleeping          |    13 |     6 ||    19
       Distracted        |     1 |     1 ||     2
  Eat: Corpse            |     1 |     1 ||     2
Armor: Robe              |    34 |    12 ||    46
       Ring mail         |       |    14 ||    14
       Chain mail        |       |    28 ||    28
Dodge: Dodged            |   102 |    69 ||   171
Block: Large shield      |       |    21 ||    21
